Map: Tourmaline LE

Players

Greatplayer - Winner!

  • Race: Zerg Zerg
  • Spawn Location: 1:00

Mythshaker

  • Race: Protoss Protoss
  • Spawn Location: 7:00

VOD

Have the link to the VOD?

Description

Time

  • Played on: Nov. 23, 2025, 12:31 a.m.
  • Length: 12:07
Show
View Real Time Build Order
Export as new Build Order

Greatplayer Zerg - Winner!

Build Orders: Pool First, Roach Hydra 

Get SALT Encoding   

  12  0:01  Drone  
  13  0:13  Overlord  
  13  0:31  Spawning Pool  
  12  0:40  Extractor  
  12  0:41  Drone x2  
  13  0:46  Drone  
  14  0:56  Drone  
  15  1:15  Hatchery  
  15  1:17  Drone  
  15  1:30  Queen  
  17  1:35  Zergling x2  
  18  1:56  Zergling x6  
  21  2:22  Drone  
  22  2:26  Overlord  
  22  2:28  Overlord  
  21  2:39  Drone  
  21  2:40  Drone  
  21  2:41  Drone  
  24  2:59  Drone x2  
  24  3:00  Drone x2  
  24  3:01  Drone x2  
  30  3:06  Roach Warren, Metabolic Boost  
  29  3:13  Drone x2  
  31  3:22  Queen  
  31  3:25  Drone  
  34  3:39  Spore Crawler  
  33  3:42  Spore Crawler  
  33  3:44  Hatchery  
  31  3:51  Drone x3  
  31  3:55  Drone  
  35  3:56  Drone  
  38  4:02  Drone x2  
  38  4:17  Zergling x8  
  40  4:18  Roach  
  40  4:22  Evolution Chamber  
  43  4:28  Extractor  
  43  4:30  Extractor  
  41  4:33  Drone x3  
  44  4:41  Lair  
  44  4:48  Zerg Ground Armor Level 1, Evolution Chamber  
  34  5:34  Drone x6  
  34  5:35  Drone x5  
  45  5:51  Zerg Missile Weapons Level 1  
  45  5:55  Queen  
  47  5:57  Drone x3  
  47  5:59  Overlord x3  
  47  6:03  Extractor  
  49  6:05  Drone  
  49  6:06  Extractor  
  49  6:11  Overlord x2  
  49  6:14  Spore Crawler  
  49  6:16  Glial Reconstitution  
  48  6:23  Burrow  
  48  6:35  Hydralisk Den  
  48  6:39  Roach x2  
  51  6:42  Zerg Melee Weapons Level 1  
  51  6:52  Drone x4  
  51  6:53  Drone x3  
  58  7:02  Extractor  
  57  7:29  Grooved Spines  
  57  7:34  Hatchery  
  57  7:35  Tunneling Claws, Hydralisk x5  
  57  7:36  Hydralisk x5  
  72  7:40  Overseer  
  72  7:51  Drone x3  
  75  8:01  Queen  
  75  8:02  Overseer  
  75  8:05  Pneumatized Carapace  
  75  8:16  Overlord  
  75  8:17  Overlord x3  
  75  8:18  Hydralisk x3  
  75  8:19  Muscular Augments  
  81  8:32  Hatchery  
  80  8:44  Hatchery  
  63  9:01  Zergling x12  
  63  9:02  Zergling x8  
  69  9:03  Zergling x6  
  69  9:04  Zergling x2  
  73  9:23  Hydralisk x3  
  73  9:24  Hydralisk x5  
  77  9:31  Zerg Missile Weapons Level 2  
  89  9:32  Zerg Ground Armor Level 2  
  83  9:50  Roach x3  
  83  9:51  Roach x4, Hydralisk x2  
  101  9:57  Queen  
  103  10:00  Hydralisk x2  
  102  10:24  Zergling x10  
  102  10:25  Zergling x16  
  109  11:20  Zergling x6  
  109  11:21  Zergling x10  
  109  11:24  Overlord x4  
Show
View Real Time Build Order
Export as new Build Order

Mythshaker Protoss 

Build Orders: Double Forge, Forge Fast Expand (FFE) 

Get SALT Encoding   

  12  0:13  Probe  
  12  0:18  Pylon  
  13  0:21  Probe  
  14  0:31  Probe  
  15  0:53  Forge  
  15  1:00  Probe, Pylon  
  16  1:08  Probe  
  17  1:24  Nexus  
  17  1:35  Photon Cannon  
  17  1:44  Assimilator  
  17  1:46  Probe  
  18  1:53  Assimilator  
  18  1:58  Probe  
  19  2:11  Photon Cannon  
  19  2:14  Probe  
  20  2:20  Gateway  
  20  2:23  Probe  
  21  2:31  Probe  
  21  2:35  Probe  
  22  2:43  Probe  
  24  2:52  Probe x2  
  26  3:04  Probe  
  27  3:08  Probe  
  28  3:16  Probe  
  29  3:20  Cybernetics Core  
  29  3:22  Probe  
  30  3:28  Probe  
  31  3:34  Probe  
  31  3:37  Probe  
  31  3:41  Assimilator x2  
  33  3:45  Probe  
  33  3:52  Warp Gate  
  33  3:55  Probe  
  35  4:04  Protoss Shields Level 1  
  35  4:14  Gateway  
  35  4:22  Gateway  
  35  4:24  Pylon  
  35  4:32  Pylon  
  35  4:40  Pylon  
  35  4:49  Twilight Council  
  35  4:54  Forge  
  20  5:45  Probe, Charge  
  21  5:53  Probe  
  21  5:59  Zealot  
  21  6:01  Zealot  
  21  6:02  Zealot  
  21  6:03  Probe  
  29  6:13  Protoss Ground Armor Level 1  
  29  6:15  Probe, Protoss Shields Level 2  
  30  6:25  Zealot  
  30  6:26  Zealot  
  30  6:27  Probe, Zealot  
  37  6:39  Probe  
  38  6:42  Probe  
  39  6:50  Probe  
  39  6:51  Probe  
  40  7:00  Probe  
  41  7:03  Probe  
  43  7:11  Nexus  
  43  7:12  Probe  
  44  7:15  Probe  
  44  7:16  Stalker x2  
  44  7:18  Stalker  
  51  7:24  Probe  
  52  7:42  Probe  
  52  7:50  Probe  
  53  7:52  Templar Archives  
  53  7:58  Probe, Dark Shrine  
  55  8:06  Probe  
  55  8:09  Protoss Ground Weapons Level 1  
  56  8:19  Probe  
  57  8:20  Sentry x2  
  57  8:21  Sentry  
  63  8:31  Probe  
  64  8:36  Probe  
  65  8:44  Probe  
  62  8:53  Probe  
  59  9:05  Probe  
  60  9:18  Probe  
  60  9:19  Pylon  
  61  9:30  Probe  
  62  9:35  Dark Templar x2  
  62  9:36  Dark Templar  
  68  9:42  Probe  
  53  9:54  Probe  
  53  9:58  Gateway  
  54  10:06  Probe  
  55  10:07  Photon Cannon  
  55  10:08  Photon Cannon  
  55  10:12  Photon Cannon  
  40  10:26  Stalker  
  40  10:27  Stalker  
  40  10:28  Stalker  
  28  10:58  High Templar  
  28  11:00  High Templar  
  15  11:15  Archon  
  15  11:29  Dark Templar  
Tags
 
Add a new tag
Caveats
  • Supply blocks, unpowered buildings, or Contaminate may cause inaccurate times.
  • Supply counts are checked every 10 seconds.